 Dungeon Crawl Stone Soup version 0.14-a0-1817-gb992dfe (webtiles) character file.

46 ReteAZ the Magician (level 2, -2/23 HPs)
             Began as a Demigod Wizard on Jan 9, 2014.
             Slain by a giant gecko (4 damage)
             ... on Level 2 of the Dungeon.
             The game lasted 00:06:03 (1488 turns).

ReteAZ the Magician (Demigod Wizard)                Turns: 1488, Time: 00:06:03

HP  -2/23        AC  3     Str 10      XL: 2   Next: 90%
MP   3/7         EV 12     Int 22      God:
Gold 15          SH  0     Dex 15      Spells:  1 memorised,  6 levels left

rFire  . . .     SeeInvis .     i - +0,+1 orc dagger
rCold  . . .     Clarity  .     a - +0 robe
rNeg   . . .     Conserve .     (no shield)
rPois  .         rCorr    .     b - +0 wizard hat
rElec  .         rRot     .     (no cloak)
SustAb . .       Spirit   .     m - +0 pair of gloves
rMut   .         Warding  .     (no boots)
Saprov . . .     Stasis   .     (no amulet)
                                (no ring)
                                (no ring)

@: not resistant to hostile enchantments, fairly stealthy
A: no striking features
a: no special abilities


You were on level 2 of the Dungeon.
You were not hungry.

You visited 1 branch of the dungeon, and saw 2 of its levels.

You collected 15 gold pieces.

Inventory:

Hand weapons
 i - a +0,+1 orcish dagger (weapon)
Missiles
 q - 2 poisoned darts (quivered)
Armour
 a - a +0 robe (worn)
 b - a +0 wizard hat (worn)
 m - a +0 pair of gloves (worn)
Comestibles
 d - 2 bread rations
 f - a choko
Scrolls
 e - a scroll of blinking {unknown}
 j - a scroll of enchant armour {unknown}
 k - a scroll of remove curse {unknown}
 l - a scroll of enchant weapon I {unknown}
 p - a scroll of identify {unknown}
Potions
 h - a potion of speed {unknown}
 n - a potion of might {unknown}
 o - a potion of curing {unknown}
Books
 c - a book of Minor Magic

   Spells                             Type                      Level
   *Magic Dart                        Conjuration                  1
   Blink                              Translocation                2
   Call Imp                           Summoning                    2
   Repel Missiles                     Charms/Air                   2
   Slow                               Hexes                        2
   Conjure Flame                      Conjuration/Fire             3
   Mephitic Cloud                     Conjuration/Poison/Air       3


   Skills:
 + Level 1.0 Fighting
 - Level 1.7 Dodging
 - Level 1.7 Stealth
 - Level 3.1 Spellcasting
 + Level 1.6 Conjurations
   Level 0.8 Summonings
   Level 0.8 Translocations


You had 6 spell levels left.
You knew the following spells:

 Your Spells              Type           Power        Failure   Level  Hunger
a - Magic Dart            Conj           ##..         10%         1    None


Dungeon Overview and Level Annotations

Branches:
Dungeon (2/16)


Message History

Casting: Magic Dart
Confirm with . or Enter, or press ? or * to list all spells.
Aiming: Magic Dart
Press: ? - help, Shift-Dir - straight line, f - giant gecko
Aim: a giant gecko (clinging)
The magic dart hits the giant gecko.
The giant gecko is moderately wounded.
The giant gecko bites you.
* * * LOW HITPOINT WARNING * * *
You barely miss the giant gecko.
The giant gecko is moderately wounded.
The giant gecko barely misses you.
You closely miss the giant gecko.
The giant gecko is moderately wounded.
The giant gecko bites you.
* * * LOW HITPOINT WARNING * * *
You closely miss the giant gecko.
The giant gecko is moderately wounded.
The giant gecko bites you.
You die...

#..####### # #
#......#.####
..#......#.. ..
..... #.# #.
#######.#####.###.
#.................
#.###>............
#.# #.#######.....
#@# #...########.#
#l# #.#.#.........
#(# #.#.#.###..#..
#?# #.#.#.# #..#.#
#.# #.#...# #..###
#.# #.#.#####..###
#.# #.#...........
#.# #.######......
#.# #......+......


You could see a giant gecko.

Vanquished Creatures
  A worm (D:2)
  3 giant cockroaches (D:1)
  2 hobgoblins (D:1)
  3 kobolds
  A ball python (D:1)
  2 bats
  3 giant newts
  3 goblins (D:1)
  7 rats
25 creatures vanquished.

Notes
Turn   | Place    | Note
--------------------------------------------------------------
     0 | D:1      | ReteAZ, the Demigod Wizard, began the quest for the Orb.
     0 | D:1      | Reached XP level 1. HP: 14/14 MP: 4/4
    30 | D:1      | Reached skill level 1 in Conjurations
   528 | D:1      | Reached skill level 3 in Spellcasting
   687 | D:1      | Reached XP level 2. HP: 17/20 MP: 1/7
  1286 | D:2      | Found a radiant altar of Vehumet.
  1286 | D:2      | Found a burning altar of Makhleb.
  1443 | D:2      | Reached skill level 1 in Fighting
  1488 | D:2      | Slain by a giant gecko

Action                   || total
-------------------------++-------
Melee: Unarmed           ||    22
       Dagger            ||    39
Throw: Dart              ||     2
 Cast: Magic Dart        ||    58
 Stab: Sleeping          ||     1
